 Dungeon Crawl Stone Soup version 0.30-a0-297-g0ec75d9ef4 (webtiles) character file.

Game seed: 13726439752716686410

487 garrulousMonolith the Digger (level 7, -2/40 HPs)
             Began as a Gargoyle Earth Elementalist on Oct 20, 2022.
             Was a Follower of Vehumet.
             Slain by Pikel
             ... wielding a +0 whip of flaming
              (9 damage)
             ... on level 4 of the Dungeon.
             The game lasted 00:08:31 (3040 turns).

garrulousMonolith the Digger (GrEE)                 Turns: 3040, Time: 00:08:31

Health: -2/40      AC:  8    Str: 10 (11) XL:     7   Next: 13%
Magic:  9/11       EV: 11    Int: 19 (21) God:    Vehumet [*.....]
Gold:   122        SH:  0    Dex:  7 (10) Spells: 6/12 levels left

rFire   . . .      SeeInvis .    s - +9 dagger "Orb Guardian's Death" {spect, Int+3}
rCold   . . .      Faith    .    (no shield)
rNeg    + . .      Spirit   .    d - +0 leather armour
rPois   ∞          Reflect  .    (no helmet)
rElec   +          Harm     .    (no cloak)
rCorr   +          Rampage  .    (no gloves)
Will    .....                    (no boots)
Stlth   +.........               (no amulet)
HPRegen 0.26/turn                i - ring of resist corrosion
MPRegen 0.12/turn                (no ring)

@: attractive
A: sickness immunity, AC +4, negative energy resistance 1, electricity
resistance, torment resistance 1, petrification resistance
a: Renounce Religion


You were on level 4 of the Dungeon.
You worshipped Vehumet.
Vehumet was aware of your devotion.
You visited 1 branch of the dungeon, and saw 4 of its levels.
You also visited: Ossuary.

You collected 122 gold pieces.

Inventory:

Hand Weapons
 h - a +0 dagger
 j - a +0 sling
 s - the +9 dagger "Orb Guardian's Death" (weapon) {spect, Int+3}
   (You found it on level 4 of the Dungeon)

   When its wielder attacks, the weapon's spirit leaps out and strikes again.
   The spirit shares a part of any damage it takes with its wielder.
   Int:       It affects your intelligence (+3).
Armour
 a - a +0 robe
 d - a +0 leather armour (worn)
Jewellery
 i - a ring of resist corrosion (left hand)
 q - a ring of ice
Wands
 g - a wand of iceblast (2)
 p - a wand of polymorph (8)
 x - a wand of flame (19)
Scrolls
 c - 2 scrolls of vulnerability
 e - a scroll of immolation {unknown}
 m - a scroll of fog {unknown}
 n - a scroll of enchant weapon {unknown}
 v - a scroll of poison {unknown}
 w - a scroll of acquirement {unknown}
Potions
 b - a potion of magic
 f - 2 potions of attraction
 k - a potion of lignification
 l - 2 potions of degeneration
 r - a potion of invisibility {unknown}
 t - 2 potions of resistance {unknown}
 u - a potion of might {unknown}


   Skills:
 + Level 2.4 Fighting
 + Level 2.3 Armour
 + Level 2.5 Dodging
 - Level 2.1 Stealth
 + Level 3.0 Spellcasting
 * Level 3.5 Conjurations
 - Level 1.0 Transmutations
 * Level 5.8 Earth Magic


You had 6 spell levels left.
You knew the following spells:

 Your Spells              Type           Power      Damage    Failure   Level
a - Sandblast             Erth           50%        2d12      1%          1
b - Stone Arrow           Conj/Erth      40%        3d9       9%          3
c - Passwall              Tmut/Erth      12%        N/A       8%          2

Your spell library contained the following spells:

 Spells                   Type           Power      Damage    Failure   Level
 Shock                    Conj/Air       36%        1d5       10%         1
 Petrify                  Tmut/Erth      15%        N/A       43%         4
 Ignite Poison            Fire/Tmut/Pois 4%         N/A       45%         3
 Sticky Flame             Conj/Fire      9%         2d3       67%         4
 Ignition                 Fire           1%         3d3       100%        8


Dungeon Overview and Level Annotations

Branches:
Dungeon (4/15)            Ossuary (visited)
 Temple: D:4-7

Altars:
Ashenzari
Vehumet

Annotations:
D:4 Pikel


Innate Abilities, Weirdness & Mutations

You are immune to sickness and miasma.
Your stone body is resilient. (AC +4)
You are immune to poison.
You resist negative energy. (rN+)
You are resistant to electric shocks. (rElec)
You are resistant to unholy torment.
You are immune to petrification.


Message History

Pikel burns you.
* * * LOW HITPOINT WARNING * * *
Okay, then.
Aiming: Polymorph
Press: ? - help, Shift-Dir - straight line, f/p - Pikel
Aim: Pikel, wielding a +0 whip of flaming and wearing a +0 robe (heavily wounded, will become a wyvern, a fire bat, or an ogre, chance to affect: 49%) Pikel resists with some effort.
Pikel hits you but does no damage.
Casting: Sandblast (safe; 1% risk of failure)
Confirm with . or Enter, or press ? or * to list all spells.
Aiming: Sandblast (safe; 1% risk of failure)
Press: ? - help, Shift-Dir - straight line, f/p - Pikel
Aim: Pikel, wielding a +0 whip of flaming and wearing a +0 robe (heavily wounded, 79% to hit)
The blast of sand hits Pikel but does no damage.
Pikel is heavily wounded.
Pikel hits you with a +0 whip of flaming.
* * * LOW HITPOINT WARNING * * *
Pikel burns you.
* * * LOW HITPOINT WARNING * * *
Pikel closely misses you.
It was a potion of attraction.
You feel attractive to monsters. Pikel barely misses you.
It was a potion of degeneration.
There was something very wrong with that liquid.
You feel weakened.
You feel dopey.
You feel clumsy. Pikel barely misses you.
It was a potion of curing.
You feel better.
Pikel hits you with a +0 whip of flaming.
* * * LOW HITPOINT WARNING * * *
Pikel burns you.
* * * LOW HITPOINT WARNING * * *
You feel better.
Pikel hits you with a +0 whip of flaming.
* * * LOW HITPOINT WARNING * * *
Pikel burns you.
* * * LOW HITPOINT WARNING * * *
You feel better.
Pikel says, "Hell isn't that bad."
Pikel hits you with a +0 whip of flaming!
You die...

.##.......####......
..#..##.#.##......#
......#.#.##.....#
.......[........##
.##....#5........#
...##.##..5)....##
#...####.:h.)..##
#...###.......####
.....#......5.##@#
..##.(........##K###
.## ##.........ho..#
##......#.5#..## ..
#......######## ..#
#.......#
#..###.##...##
#....#.......#
#..........###


You could see Pikel, a lemure, a hound and an orc.

Vanquished Creatures
  Edmund (D:4)
  A lemure (D:4)
  3 water moccasin zombies (Ossuary)
  An orc priest (D:3)
  2 mummies (Ossuary)
  5 adders
  5 adder zombies (Ossuary)
  4 worms
  3 dart slugs
  8 orcs (D:3)
  6 endoplasms
  A giant cockroach (D:3)
  2 gnoll zombies (Ossuary)
  5 goblins
  3 hobgoblins
  5 kobolds
  A quokka (D:3)
  5 ball pythons
  5 bats
  3 frilled lizards (D:1)
  4 hobgoblin zombies (Ossuary)
  3 kobold zombies (Ossuary)
  6 orc zombies (Ossuary)
  4 rats
86 creatures vanquished.

Notes
Turn   | Place    | Note
-------+----------+-------------------------------------------
     0 | D:1      | garrulousMonolith the Gargoyle Earth Elementalist began the
                  | quest for the Orb.
     0 | D:1      | Reached XP level 1. HP: 10/10 MP: 3/3
   175 | D:1      | Reached XP level 2. HP: 16/16 MP: 3/5
   317 | D:1      | Reached skill level 4 in Earth Magic
   868 | D:2      | Reached skill level 1 in Fighting
   868 | D:2      | Reached skill level 1 in Transmutations
   868 | D:2      | Reached XP level 3. HP: 20/20 MP: 4/6
   872 | D:2      | Learned a level 3 spell: Stone Arrow
   875 | D:2      | Learned a level 2 spell: Passwall
  1442 | D:2      | Reached skill level 1 in Armour
  1442 | D:2      | Reached skill level 1 in Conjurations
  1442 | D:2      | Reached XP level 4. HP: 25/25 MP: 0/7
  1975 | D:3      | Reached XP level 5. HP: 29/29 MP: 4/8
  2162 | D:3      | Found a radiant altar of Vehumet.
  2327 | D:3      | Found a broken altar of Ashenzari.
  2406 | D:3      | Became a worshipper of Vehumet
  2490 | D:4      | Noticed a lemure
  2497 | D:4      | Noticed a lemure
  2498 | D:4      | Noticed a lemure
  2498 | D:4      | Noticed a lemure
  2499 | D:4      | Noticed Pikel
  2502 | D:4      | Noticed Edmund
  2510 | D:4      | Identified the +9 dagger "Orb Guardian's Death" {spect,
                  | Int+3}
  2517 | D:4      | Found a sand-covered staircase.
  2523 | Ossuary  | Entered an ossuary
  2553 | Ossuary  | Reached skill level 5 in Earth Magic
  2565 | Ossuary  | Reached XP level 6. HP: 19/35 MP: 4/10
  2843 | Ossuary  | Reached * piety under Vehumet
  2843 | Ossuary  | Offered knowledge of Shock by Vehumet.
  3016 | D:4      | Killed Edmund
  3017 | D:4      | Reached XP level 7. HP: 25/40 MP: 1/11
  3035 | D:4      | HP: 1/40 [Pikel/+0 whip of flaming (3)]
  3040 | D:4      | Slain by Pikel

Illustrated notes

Levels and vault maps discovered:
D:1:      minmay_arrival_doors, layout_basic
D:2:      minmay_alternating_diamond, layout_loops_cross, minmay_octomino_e4
D:3:      layout_rooms, mainiacjoe_overflow_alcove_2,
          nicolae_vehumet_altar_sigil
D:4:      layout_cave_pools, gammafunk_ghost_gnarly_gnolls, enter_ossuary_2,
          uniq_pikel, uniq_eustachio, uniq_edmund

Skill      XL: |  1  2  3  4  5  6 |
---------------+-------------------+-----
Earth Magic    | 4 5 |  5.8
Fighting       | 1 2 |  2.4
Transmutations | 1 |  1.0
Armour         | 1 2 |  2.3
Conjurations   | 1 2 3 |  3.5
Dodging        | 2 |  2.5
Spellcasting   | 3 |  3.0
Stealth        | |  2.1

Action                   |  1- 3 |  4- 6 |  7- 9 || total
-------------------------+-------+-------+-------++-------
Melee: Dagger            |       |    21 |     3 ||    24
       Punch             |       |       |     1 ||     1
 Fire: Sling             |     2 |    10 |       ||    12
 Cast: Sandblast         |    45 |    72 |     6 ||   123
       Stone Arrow       |       |     2 |       ||     2
Evoke: Wand              |       |     1 |     3 ||     4
  Use: Scroll            |       |     5 |       ||     5
       Potion            |       |     1 |     6 ||     7
Armor: Robe              |     2 |       |       ||     2
       Leather armour    |     7 |    36 |     4 ||    47
Dodge: Dodged            |    10 |    59 |     8 ||    77

Table legend: (Time is in decaauts)
 A = Elapsed time spent in this place.
 B = Non-inter-level travel time spent in this place.
 C = Inter-level travel time spent in this place.
 D = Time resting spent in this place.
 E = Time spent auto-exploring this place.
 F = Levels seen in this place.
 G = Mean time per level.
                   A        B        C        D        E       F      G
               +--------+--------+--------+--------+--------+-----+--------+
         Total |   3104 |   3012 |     92 |    241 |   2135 |   5 |  620.8 |
       Dungeon |   2651 |   2559 |     92 |    172 |   1855 |   4 |  662.8 |
       Ossuary |    452 |    452 |      0 |     69 |    280 |   1 |  452.0 |
               +--------+--------+--------+--------+--------+-----+--------+

Top non-repeatable levels by time:
     D:1: 863 daAuts
     D:2: 839 daAuts
     D:3: 810 daAuts
 Ossuary: 452 daAuts
     D:4: 139 daAuts
